 Dungeon Crawl Stone Soup version 0.32-a0-290-g598725c5f2 (webtiles) character file.

Game seed: 9068986844707247528

10 Datul the Covered (level 2, -3/26 HPs)
             Began as a Mountain Dwarf Fighter on Feb 13, 2024.
             Slain by a kobold
             ... wielding a +2 short sword of electrocution
              (11 damage)
             ... on level 1 of the Dungeon.
             The game lasted 00:00:43 (434 turns).

Datul the Covered (Mountain Dwarf Fighter)           Turns: 434, Time: 00:00:45

Health: -3/26      AC:  6    Str: 18    XL:     2   Next: 10%
Magic:  2/2        EV:  9    Int:  8    God:
Gold:   21         SH:  4    Dex:  9    Spells: 1/1 levels left

rFire   . . .        a - +0 war axe
rCold   . . .        c - +0 buckler
rNeg    . . .        b - +0 scale mail
rPois   .            (no helmet)
rElec   .            (no cloak)
rCorr   .            (no gloves)
SInv    .            (no boots)
Will    .....        (no amulet) Stlth
                     (no ring)
HPRegen 0.24/turn    (no ring)
MPRegen 0.08/turn

%: no passive effects
@: no status effects
A: runic magic, artefact enchanting
a: no special abilities


You were on level 1 of the Dungeon.
You visited 1 branch of the dungeon, and saw 1 of its levels.

You collected 21 gold pieces.

Inventory:

Hand Weapons
 a - a +0 war axe (weapon)
Missiles
 e - 6 poisoned darts (quivered)
Armour
 b - a +0 scale mail (worn)
 c - a +0 buckler (worn)
Scrolls
 g - 2 scrolls of noise {unknown}
 h - a scroll of enchant armour {unknown}
Potions
 d - a potion of might
 f - 2 potions of curing {unknown}


   Skills:
 + Level 3.4 Fighting
 + Level 2.7 Axes
 + Level 3.5 Armour
 + Level 3.4 Shields


You had one spell level left.
You didn't know any spells.
Your spell library was empty.

Dungeon Overview and Level Annotations

Branches:
Dungeon (1/15) Zot: 5555

Altars:


Innate Abilities, Weirdness & Mutations

Your spellcasting is much less encumbered by armour.
You can use scrolls of enchantment on lesser artefacts.


Message History

The goblin hits you with a +0 dagger. The goblin hits you but does no damage.
You take 3 damage, and have 16/19 hp.
You closely miss the goblin.
The goblin is heavily wounded.
You block the goblin's attack.
You closely miss the goblin.
The goblin is heavily wounded.
The goblin hits you but does no damage.
You slash the goblin!
You kill the goblin!
You have reached level 2!
You regained 7 hp, and now have 23/26 hp.
MP restored: 2 You see here a +0 dagger.
HP restored.
You now have 15 gold pieces.
Found a stone staircase leading down.
Health restored: 26
g - 2 scrolls labelled YVVARI WIER (gained 1)
There is a stone staircase leading down here.
As you open the door, it creaks loudly!
There is an open door here.
You now have 21 gold pieces (gained 6).
A hobgoblin and a kobold come into view.
The kobold is wielding a +2 short sword of electrocution.
The hobgoblin shouts!
The kobold shouts!
A rat comes into view.
The rat squeaks loudly.
You hit the kobold but do no damage. The kobold barely misses you.
You slash the hobgoblin!
You kill the hobgoblin!
You barely miss the kobold. You block the kobold's attack.
You hit the kobold but do no damage.
The kobold hits you with a +2 short sword of electrocution.
You are electrocuted!
Ouch! That really hurt!
The kobold hits you with a +2 short sword of electrocution.
* * * LOW HITPOINT WARNING * * *
You are electrocuted!
You die...

########### ##### #.........#
#.... ##.........#### #....
......†.......######....
....r.K@...........'>...
......###......#####....
###### ##.....## #.##+ +.#
#......# #.##. #.# #.......#
#.##. #.# #..#.....# #.##.
#.#####.##.....# #.##.
#.#†....##.....# #.... ..
#####......##################


You could see a kobold and a rat.

Vanquished Creatures
  A goblin (D:1)
  A hobgoblin (D:1)
  A kobold (D:1)
  A frilled lizard (D:1)
  2 rats (D:1)
6 creatures vanquished.

Notes
Turn   | Place    | Note
-------+----------+-------------------------------------------
     0 | D:1      | Datul the Mountain Dwarf Fighter began the quest for the
                  | Orb.
     0 | D:1      | Reached XP level 1. HP: 19/19 MP: 1/1
   380 | D:1      | Reached XP level 2. HP: 23/26 MP: 2/2
   434 | D:1      | Slain by a kobold

Illustrated notes

Levels and vault maps discovered:
D:1:      minmay_arrival_nine_rooms, layout_basic, nicolae_the_louvre

Action                     || total
---------------------------++-------
  Melee: War axe           ||    24
 Armour: Scale mail        ||    14
  Dodge: Dodged            ||     5
  Block: Buckler           ||     7

Table legend: (Time is in decaauts)
 A = Elapsed time spent in this place.
 B = Non-inter-level travel time spent in this place.
 C = Inter-level travel time spent in this place.
 D = Time resting spent in this place.
 E = Time spent auto-exploring this place.
 F = Levels seen in this place.
 G = Mean time per level.
                   A        B        C        D        E       F      G
               +--------+--------+--------+--------+--------+-----+--------+
         Total |    442 |    442 |      0 |     16 |    363 |   1 |  442.0 |
       Dungeon |    442 |    442 |      0 |     16 |    363 |   1 |  442.0 |
               +--------+--------+--------+--------+--------+-----+--------+

Top non-repeatable levels by time:
     D:1: 442 daAuts
